 Dungeon Crawl Stone Soup version 0.26-a0-579-g3afe4966bf (webtiles) character file.

Game seed: 7053086018572630429

44953 Isi the Bludgeoner (level 13, -1/183 HPs)
             Began as a Minotaur Berserker on Aug 22, 2020.
             Was an Elder of Trog.
             Slain by an ettin
             ... wielding a +0 great mace
              (20 damage)
             ... on level 15 of the Dungeon on Aug 23, 2020.
             The game lasted 01:33:59 (15784 turns).

Isi the Bludgeoner (Minotaur Berserker)            Turns: 15784, Time: 01:34:01

Health: -1/183     AC: 23    Str: 28    XL:     13   Next: 99%
Magic:  12/12      EV:  9    Int:  4    God:    Trog [****..]
Gold:   511        SH:  5    Dex:  9    Spells: 12/12 levels left

rFire    . . .     SeeInvis .   v - +10 morningstar "Eos" {elec, Halo rElec}
rCold    . . .     Faith    .   V - +0 buckler
rNeg     . . .     Spirit   .   s - +0 plate armour
rPois    .         Reflect  .   (helmet restricted)
rElec    +         Harm     .   Y - +0 cloak
rCorr    .                      X - +0 pair of gloves
MR       +....                  K - +0 pair of boots
Stlth    ..........             x - amulet of the acrobat
HPRegen  0.40/turn              r - +4 ring of protection
MPRegen  0.13/turn              o - ring of protection from magic

@: berserking, glowing, heavily drained, very quick
A: retaliatory headbutt, horns 2
a: Berserk, Trog's Hand, Brothers in Arms, Renounce Religion


You were on level 15 of the Dungeon.
You worshipped Trog.
Trog was greatly pleased with you.
You visited 2 branches of the dungeon, and saw 14 of its levels.

You collected 1226 gold pieces.
You spent 715 gold pieces at shops.

Inventory:

Hand Weapons
 c - a +4 antimagic great sword
 v - the +10 morningstar "Eos" (weapon) {elec, Halo rElec}
   (You found it on level 5 of the Dungeon)

   Occasionally, upon striking a foe, it will discharge some electrical energy
   and cause terrible harm.
   It insulates you from electricity.
 C - the +2 triple sword of Teidd {vorpal, rPois Str+2 Int+2}
   (Trog gifted it to you on level 12 of the Dungeon)

   It inflicts extra damage upon your enemies.
   It affects your strength (+2).
   It affects your intelligence (+2).
   It protects you from poison.
 H - a +3 demon blade
Missiles
 d - 111 poisoned darts
 e - 404 stones
 f - 113 bolts
 k - 374 arrows
 p - 4 throwing nets
 t - 30 boomerangs
 w - 8 atropa-tipped darts (quivered)
 T - 141 sling bullets
Armour
 j - a +0 kite shield
 s - a +0 plate armour (worn)
 D - +0 ice dragon scales
 F - a scarf of invisibility
 K - a +0 pair of boots (worn)
 L - a +1 robe of the Archmagi
 V - a +0 buckler (worn)
 X - a +0 pair of gloves (worn)
 Y - a +0 cloak (worn)
Jewellery
 h - an uncursed amulet of magic regeneration
 m - an uncursed ring of poison resistance
 o - a ring of protection from magic (right hand)
 r - a +4 ring of protection (left hand)
 x - an amulet of the acrobat (around neck)
 z - a +6 ring of intelligence
 O - an uncursed ring of teleportation
 S - an uncursed ring of protection from cold
Wands
 b - a wand of acid (15)
 y - a wand of iceblast (4)
 A - a wand of random effects (38)
 U - a wand of flame (29)
Scrolls
 i - 2 scrolls of teleportation
 n - 4 scrolls of magic mapping
 q - 7 scrolls of remove curse
 u - 6 scrolls of amnesia
 E - 2 scrolls of enchant armour
 W - 2 scrolls of fear
Potions
 a - 2 potions of might
 g - 5 potions of curing
 l - 5 potions of haste
 B - 2 potions of stabbing
 M - 2 potions of magic
 N - a potion of flight
 Q - 2 potions of ambrosia
Miscellaneous
 G - a box of beasts (3/3)
 R - a phantom mirror


   Skills:
 + Level 13.4(11.3) Fighting
 + Level 8.5(6.7) Long Blades
 + Level 17.5(15.2) Maces & Flails
 + Level 13.2(11.2) Armour
 + Level 5.4(3.7) Dodging
 + Level 8.4(6.6) Shields


You had 12 spell levels left.
You didn't know any spells.
Your spell library contained the following spells:

 Spells                   Type           Power        Failure   Level
 Magic Dart               Conj           #...         99%         1
 Blink                    Tloc           N/A          100%        2
 Call Imp                 Summ           #.......     100%        2
 Slow                     Hex            #.......     100%        2
 Conjure Flame            Conj/Fire      #.......     100%        3
 Mephitic Cloud           Conj/Pois/Air  #.......     100%        3


Dungeon Overview and Level Annotations

Branches:
Dungeon (15/15)            Temple (0/1) D:4          Vaults (0/5) D:14
 Depths (1/5) D:15
   Lair: D:8-11         Orc: D:9-12

Altars:
Hepliaklqana
Vehumet
Yredelemnul

Shops:
D:13 [(*   D:14 *


Innate Abilities, Weirdness & Mutations

You reflexively headbutt those who attack you in melee.
You have a pair of horns on your head.


Message History

The ettin hits you but does no damage.
The hell knight hits you with a +4 demon trident of draining.
You feel drained.
The stone giant hits you but does no damage.
You climb upwards.
Welcome back to the Dungeon!
There is a staircase to the Depths, spattered with blood here.
A red film seems to cover your vision as you go berserk!
You feel yourself moving faster!
You feel mighty!
The ettin hits you with a +0 great mace!
The ettin hits you with a +0 dire flail!
The hell knight hits you with a +4 demon trident of draining.
* * * LOW HITPOINT WARNING * * *
You feel drained. The stone giant hits you.
* * * LOW HITPOINT WARNING * * *
You puncture the ettin! You headbutt the ettin!!
The ettin is heavily wounded.
The ettin hits you with a +0 great mace!!
* * * LOW HITPOINT WARNING * * *
The ettin hits you with a +0 dire flail!!
You die...

.#...##..# ##.###....#.######.
.'...##..# ##...##(...#.######.
.#.......# #..#..######........
†######### #..#..#.............
....# #..#..#............. ....#
#..#..#............. ....#
#.Q#..#............. ....#
##CpC##............. ....#
##@##.............. ....#
####.............. ....#
#.............. ....#
########..............
############...................^.
.................................
..#............#######...........
...............................#.
................................<


You could see a stone giant, an ettin, a hell knight and a tengu warrior.

Vanquished Creatures
  A fire dragon (D:15)
  6 slime creatures
  A hydra (D:15)
  2 death knights
  2 two-headed ogres
  2 centaur warriors (D:15)
  Nergalle (D:11)
  5 hell knights
  12 skeletal warriors
  2 unseen horrors
  2 phantasmal warriors (D:14)
  A necromancer (Depths:1)
  5 cyclopes
  10 ugly things
  A wolf spider (D:15)
  3 gargoyles
  2 efreet
  3 yaktaurs (D:15)
  2 freezing wraiths (D:14)
  7 trolls
  A wind drake (shapeshifter) (D:14)
  4 hippogriffs
  A spriggan (shapeshifter) (D:15)
  3 shadows (D:13)
  A wyvern (D:11)
  Grum (D:11)
  A basilisk (D:13)
  13 yaks
  3 wraiths
  A redback simulacrum (D:15)
  4 vampire mosquitoes (D:12)
  Edmund (D:6)
  3 soldier ants
  An acid dragon (D:13)
  Duvessa (D:6)
  6 orc warriors
  5 sky beasts
  3 necrophages
  3 ice beasts
  2 eyes of draining
  3 wolves (D:11)
  3 ogres
  12 centaurs
  A crocodile (shapeshifter) (D:15)
  A centaur (shapeshifter) (D:14)
  A crocodile (D:14)
  2 big kobolds
  An elf zombie (D:14)
  11 bullfrogs
  A gnoll sergeant (D:2)
  A wyvern zombie (D:13)
  Dowan (D:6)
  4 scorpions
  31 wights
  An electric eel (D:7)
  A centaur zombie (D:6)
  5 human zombies (D:14)
  A bullfrog zombie (D:7)
  5 hounds
  2 jellies
  9 orc wizards
  7 orc priests
  6 centaur skeletons
  A gnoll shaman (D:5)
  A bullfrog skeleton (D:13)
  4 iguanas
  7 worker ants
  An ogre zombie (D:14)
  2 hound skeletons
  2 mummies (D:14)
  A worker ant zombie (D:6)
  18 gnolls
  12 adders
  2 white imps
  An ufetubus (D:5)
  4 oozes
  An adder zombie (D:7)
  2 adder skeletons
  4 worms
  3 dart slugs
  11 leopard geckos
  57 orcs
  2 ball pythons
  9 bats
  15 giant cockroaches
  9 goblins
  7 hobgoblins
  5 jackals
  4 quokkas
  A ball python zombie (D:5)
  6 frilled lizards
  16 kobolds
  A leopard gecko skeleton (D:5)
  An orc zombie (D:14)
  A quokka zombie (D:5)
  8 rats
457 creatures vanquished.

Vanquished Creatures (collateral kills)
  An ice dragon (D:15)
  2 two-headed ogres (D:14)
  A skeletal warrior (D:14)
  A deep elf mage (D:14)
  An ugly thing (D:15)
  A troll (D:14)
7 creatures vanquished.

Vanquished Creatures (others)
  16 plants
16 creatures vanquished.

Grand Total: 480 creatures vanquished

Notes
Turn   | Place    | Note
-------+----------+-------------------------------------------
     0 | D:1      | Isi the Minotaur Berserker began the quest for the Orb.
     0 | D:1      | Reached XP level 1. HP: 19/19 MP: 0/0
   179 | D:1      | Reached XP level 2. HP: 27/27 MP: 1/1
   512 | D:1      | Reached XP level 3. HP: 32/33 MP: 2/2
   754 | D:1      | Reached ** piety under Trog
  1246 | D:2      | Reached XP level 4. HP: 37/41 MP: 3/3
  1288 | D:2      | Reached skill level 5 in Long Blades
  1298 | D:2      | Noticed a gnoll sergeant
  1323 | D:2      | Killed a gnoll sergeant
  1323 | D:2      | Reached XP level 5. HP: 4/47 MP: 4/4
  2413 | D:3      | Reached skill level 5 in Fighting
  2483 | D:3      | Reached XP level 6. HP: 52/56 MP: 5/5
  2493 | D:3      | Reached *** piety under Trog
  3515 | D:4      | Found a staircase to the Ecumenical Temple.
  3702 | D:4      | Reached skill level 5 in Armour
  3707 | D:4      | Reached XP level 7. HP: 45/61 MP: 6/6
  3977 | D:5      | Entered Level 5 of the Dungeon
  4163 | D:5      | Reached **** piety under Trog
  4443 | D:5      | Found the +10 morningstar "Eos" {elec, Halo rElec}
  4580 | D:5      | Reached XP level 8. HP: 70/70 MP: 7/7
  4582 | D:5      | Reached skill level 1 in Maces & Flails
  4763 | D:6      | Reached skill level 2 in Maces & Flails
  4849 | D:6      | Reached skill level 3 in Maces & Flails
  4958 | D:6      | Noticed Edmund
  4963 | D:6      | Killed Edmund
  4963 | D:6      | Reached skill level 4 in Maces & Flails
  5020 | D:6      | Noticed Dowan
  5020 | D:6      | Noticed Duvessa
  5027 | D:6      | Reached ***** piety under Trog
  5031 | D:6      | Killed Duvessa
  5031 | D:6      | Reached skill level 5 in Maces & Flails
  5032 | D:6      | Killed Dowan
  5146 | D:6      | Reached skill level 6 in Maces & Flails
  5274 | D:6      | Reached skill level 7 in Maces & Flails
  5482 | D:7      | Reached XP level 9. HP: 78/78 MP: 8/8
  5548 | D:7      | Reached skill level 8 in Maces & Flails
  5874 | D:7      | Reached skill level 9 in Maces & Flails
  5914 | D:7      | Reached skill level 1 in Shields
  6029 | D:7      | Found a hazy altar of Hepliaklqana.
  6054 | D:7      | You fall into a shaft and drop 3 floors!
  6054 | D:10     | Entered Level 10 of the Dungeon
  6157 | D:10     | Found a radiant altar of Vehumet.
  6297 | D:10     | Noticed a troll
  6302 | D:10     | Killed a troll
  6302 | D:10     | Received a gift from Trog
  6302 | D:10     | Reached skill level 10 in Maces & Flails
  6307 | D:10     | Noticed a gargoyle
  6316 | D:10     | Killed a gargoyle
  6316 | D:10     | Reached skill level 5 in Dodging
  6316 | D:10     | Reached XP level 10. HP: 80/88 MP: 9/9
  6725 | D:10     | Reached skill level 11 in Maces & Flails
  7013 | D:10     | Noticed a gargoyle
  7023 | D:10     | Killed a gargoyle
  7495 | D:10     | Reached skill level 5 in Shields
  7890 | D:11     | Noticed an unseen horror
  7895 | D:11     | Killed an unseen horror
  7895 | D:11     | Reached skill level 12 in Maces & Flails
  8016 | D:11     | Noticed Nergalle
  8023 | D:11     | Killed Nergalle
  8023 | D:11     | Reached XP level 11. HP: 97/97 MP: 10/10
  8408 | D:11     | Noticed a skeletal warrior
  8416 | D:11     | Noticed a skeletal warrior
  8435 | D:11     | Killed a skeletal warrior
  8438 | D:11     | Killed a skeletal warrior
  8449 | D:11     | Noticed a skeletal warrior
  8459 | D:11     | Killed a skeletal warrior
  8459 | D:11     | Reached skill level 13 in Maces & Flails
  8477 | D:11     | Noticed a skeletal warrior
  8487 | D:11     | Killed a skeletal warrior
  8588 | D:11     | Noticed a skeletal warrior
  8596 | D:11     | Killed a skeletal warrior
  8915 | D:11     | Noticed Grum
  8931 | D:11     | Killed Grum
  9143 | D:11     | Reached skill level 10 in Fighting
  9352 | D:12     | Noticed a cyan ugly thing
  9352 | D:12     | Noticed a death knight
  9360 | D:12     | Killed a cyan ugly thing
  9360 | D:12     | Received a gift from Trog
  9368 | D:12     | Killed a death knight
  9368 | D:12     | Reached skill level 14 in Maces & Flails
  9368 | D:12     | Reached skill level 10 in Armour
  9370 | D:12     | Got a bloodstained triple sword {god gift}
  9377 | D:12     | Identified the +2 triple sword of Teidd {vorpal, rPois
                  | Str+2 Int+2} (Trog gifted it to you on level 12 of the
                  | Dungeon)
  9839 | D:12     | Reached XP level 12. HP: 107/107 MP: 11/11
 10406 | D:13     | Found Jeqaej's Antique Armour Emporium.
 10486 | D:13     | Bought a pair of glowing boots for 172 gold pieces
 10895 | D:13     | Found Siedoaki's Weapon Shop.
 10936 | D:13     | Reached skill level 15 in Maces & Flails
 11419 | D:13     | Found Zaamuk's General Store.
 11433 | D:13     | Bought a cursed ring of teleportation for 54 gold pieces
 11433 | D:13     | Bought 2 potions of ambrosia for 192 gold pieces
 11601 | D:14     | Noticed a death knight
 11606 | D:14     | Received a gift from Trog
 11616 | D:14     | Killed a death knight
 11625 | D:14     | Reached skill level 16 in Maces & Flails
 11942 | D:14     | Noticed a two-headed ogre
 11942 | D:14     | Noticed a two-headed ogre
 11942 | D:14     | Noticed a two-headed ogre
 11946 | D:14     | Killed a two-headed ogre
 11949 | D:14     | Killed a two-headed ogre
 11952 | D:14     | Killed a two-headed ogre
 11962 | D:14     | Found a gate to the Vaults.
 11964 | D:14     | Reached XP level 13. HP: 104/117 MP: 12/12
 12161 | D:14     | Found Ynut's Assorted Antiques.
 12173 | D:14     | Bought a scroll labeled HACEFAC KEVUMAME for 33 gold pieces
 12173 | D:14     | Bought a dented fluorescent amulet for 165 gold pieces
 12173 | D:14     | Bought a potion of curing for 99 gold pieces
 12492 | D:14     | Found a basalt altar of Yredelemnul.
 12652 | D:15     | Entered Level 15 of the Dungeon
 12961 | D:15     | Reached skill level 17 in Maces & Flails
 14797 | D:15     | Noticed a fire dragon
 14809 | D:15     | Killed a fire dragon
 14929 | D:15     | Found a staircase to the Depths.
 15296 | Depths:1 | Entered Level 1 of the Depths
 15573 | Depths:1 | Noticed a stone giant
 15582 | Depths:1 | Noticed an ettin
 15784 | D:15     | Slain by an ettin

Illustrated notes

Levels and vault maps discovered:
D:1:      lightli_arrival_noodles, layout_basic
D:2:      minmay_wonky_spiral, layout_rooms, minmay_worlds_worst_comb
D:3:      layout_basic, gup_sewer_entry_pipe, minmay_fractal_squares_5
D:4:      layout_rooms, minmay_temple_entry_drinking_statues
D:5:      layout_basic
D:6:      layout_loops_ring, grunt_ministairs_10, uniq_edmund, uniq_duvessa
D:7:      layout_rooms, serial_bayou, serial_bayou_pond_e,
          serial_bayou_lagoon_a, serial_bayou_pond_d, serial_bayou_pond_a,
          serial_bayou_ford_a, serial_shops, kennysheep_mini_moat,
          minmay_ruined_shrine
D:10:     layout_irregular_city, basic_altar
D:11:     layout_gridville, uniq_nergalle, uniq_grum
D:12:     layout_loops_ring
D:13:     layout_long_grid, serial_shops, shop_statue,
          nicolae_shop_competitors_out_of_business, shop
D:14:     layout_cave_pools, david_vaults_1, lemuel_mausoleum_altar_yredelemnul,
          serial_shops, nicolae_shop_overgrown_old_shop,
          chequers_serial_rivers_room_a
D:15:     grunt_enter_depths_hoard, layout_stronghold, minivault_19, drop_trap
Depths:1: layout_basic, rand_demon_pan_entry_4, abyss_entry, hell_entry,
          corexii_corridor_pit, minmay_misc_feat_enclosed, st_stairs_7,
          minmay_misc_feat_diagonals, eino_small_chamber_without_monster,
          kennysheep_another_room, minmay_misc_feat_plants,
          nicolae_antique_artefacts, hallowed_hall

Skill      XL: |  1  2  3  4  5  6  7  8  9 10 11 12 13 |
---------------+----------------------------------------+-----
Fighting       | 4 5 6 7 9 10 11 13 | 13.4
Long Blades    | 4 5 6 8 |  8.5
Armour         | 3 4 5 6 8 10 11 13 | 13.2
Dodging        | 3 4 5 |  5.4
Maces & Flails | 7 10 12 14 16 17 | 17.5
Shields        | 3 5 6 7 8 |  8.4

Action                   |  1- 3 |  4- 6 |  7- 9 | 10-12 | 13-15 || total
-------------------------+-------+-------+-------+-------+-------++-------
Melee: Falchion          |    66 |   165 |    69 |       |       ||   300
       Headbutt          |    12 |    24 |    29 |    57 |    42 ||   164
       Morningstar       |       |       |   161 |   345 |   168 ||   674
Throw: Dart              |       |     1 |       |       |       ||     1
Invok: Trog's Hand       |       |     4 |     2 |     3 |       ||     9
       Berserk           |       |     3 |     4 |    11 |     4 ||    22
       Brothers in Arms  |       |       |       |     1 |     8 ||     9
  Use: Scroll            |     3 |     7 |    12 |     6 |     5 ||    33
       Potion            |     3 |     5 |     3 |     2 |     1 ||    14
 Stab: Distracted        |       |       |       |       |     1 ||     1
Armor: Ring mail         |    14 |    65 |    22 |       |       ||   101
       Chain mail        |       |       |    84 |    18 |       ||   102
       Plate armour      |       |       |       |    96 |    60 ||   156
Dodge: Dodged            |    31 |   130 |   120 |   155 |    95 ||   531
Block: Buckler           |       |       |     6 |    62 |    36 ||   104
       Rpst.: Falchion   |     9 |    34 |     4 |       |       ||    47

Table legend: (Time is in decaauts)
 A = Elapsed time spent in this place.
 B = Non-inter-level travel time spent in this place.
 C = Inter-level travel time spent in this place.
 D = Time resting spent in this place.
 E = Time spent auto-exploring this place.
 F = Levels seen in this place.
 G = Mean time per level.
                   A        B        C        D        E       F      G
               +--------+--------+--------+--------+--------+-----+--------+
         Total |  15855 |  14392 |   1463 |   5101 |   6403 |  14 | 1132.5 |
       Dungeon |  15841 |  14378 |   1463 |   5101 |   6403 |  13 | 1218.5 |
        Depths |     14 |     14 |      0 |      0 |      0 |   1 |   14.0 |
               +--------+--------+--------+--------+--------+-----+--------+

Top non-repeatable levels by time:
    D:15: 3104 daAuts
    D:10: 1791 daAuts
    D:11: 1504 daAuts
     D:1: 1208 daAuts
     D:2: 1205 daAuts
    D:13: 1199 daAuts
     D:3: 1102 daAuts
    D:14: 1050 daAuts
    D:12: 1036 daAuts
     D:6: 811 daAuts
     D:5: 734 daAuts
     D:7: 588 daAuts
     D:4: 505 daAuts
Depths:1: 14 daAuts
